 Dungeon Crawl Stone Soup version 0.28.0-53-g5a82cb258f (webtiles) character file.

Game seed: 14674072124112077480

124 Sin92 the Skirmisher (level 4, -10/36 HPs)
             Began as a Demonspawn Fighter on June 28, 2022.
             Mangled by a gnoll
             ... wielding a +0 halberd
              (13 damage)
             ... on level 3 of the Dungeon.
             The game lasted 00:01:16 (1893 turns).

Sin92 the Skirmisher (Demonspawn Fighter)           Turns: 1893, Time: 00:01:16

Health: -10/36     AC:  8    Str: 17    XL:     4   Next: 81%
Magic:  4/4        EV:  9    Int:  9    God:
Gold:   55         SH:  5    Dex: 14    Spells: 3/3 levels left

rFire   . . .      SeeInvis .   a - +0 war axe
rCold   . . .      Faith    .   c - +0 buckler
rNeg    . . .      Spirit   .   b - +0 scale mail
rPois   .          Reflect  .   (helmet restricted)
rElec   .          Harm     .   (no cloak)
rCorr   .          Rampage  .   f - +0 pair of gloves
Will    .....                   (no boots)
Stlth   ..........              (no amulet)
HPRegen 0.12/turn               (no ring)
MPRegen 0.09/turn               (no ring)

@: no status effects
A: horns 2
a: no special abilities


You were on level 3 of the Dungeon.
You visited 1 branch of the dungeon, and saw 3 of its levels.

You collected 55 gold pieces.

Inventory:

Hand Weapons
 a - a +0 war axe (weapon)
Armour
 b - a +0 scale mail (worn)
 c - a +0 buckler (worn)
 f - a +0 pair of gloves (worn)
Scrolls
 e - 4 scrolls of teleportation {unknown}
 g - a scroll of identify {unknown}
 i - a scroll of fog {unknown}
 j - 3 scrolls of fear {unknown}
Potions
 d - a potion of brilliance {unknown}
 k - a potion of lignification {unknown}
 l - 2 potions of curing {unknown}


   Skills:
 + Level 3.6 Fighting
 + Level 2.6 Axes
 + Level 3.3 Armour
 + Level 1.5 Dodging
 + Level 3.2 Shields


You had 3 spell levels left.
You didn't know any spells.
Your spell library contained the following spells:

 Spells                   Type           Power      Damage    Failure   Level
 Corpse Rot               Necr/Air       0%         N/A       95%         2
 Poisonous Vapours        Pois/Air       0%         N/A       95%         2


Dungeon Overview and Level Annotations

Branches:
Dungeon (2/15)

Altars:
Makhleb

Annotations:
D:3 1 runed translucent door, Sin92's ghost, amateur DsFi


Innate Abilities, Weirdness & Mutations

You have a pair of horns on your head.


Message History

The gnoll misses you.
You slash the gnoll! You headbutt the gnoll.
You kill the gnoll!
You slash the gnoll!
The gnoll is almost dead.
You block the gnoll's attack.
The gnoll hits you from afar with a +0 halberd.
The gnoll hits you with a +0 flail.
You barely miss the gnoll.
The gnoll is almost dead.
The gnoll barely misses you. The gnoll closely misses you.
You barely miss the gnoll.
The gnoll is almost dead.
The gnoll barely misses you. The gnoll hits you with a +0 flail.
You barely miss the gnoll.
You headbutt the gnoll, but do no damage.
The gnoll is almost dead.
You block the gnoll's attack. The gnoll barely misses you.
The gnoll closely misses you. You block the gnoll's attack.
You barely miss the gnoll.
The gnoll is almost dead.
The gnoll hits you from afar with a +0 halberd.
The gnoll hits you with a +0 flail.
* * * LOW HITPOINT WARNING * * *
Unknown command.
You barely miss the gnoll.
The gnoll is almost dead.
The gnoll closely misses you. You block the gnoll's attack.
The gnoll hits you from afar with a +0 halberd.
* * * LOW HITPOINT WARNING * * *
You closely miss the gnoll. You headbutt the gnoll.
The gnoll is almost dead.
The gnoll closely misses you.
The gnoll hits you from afar with a +0 halberd.
* * * LOW HITPOINT WARNING * * *
The gnoll closely misses you.
You hit the gnoll but do no damage.
The gnoll is almost dead.
The gnoll hits you from afar with a +0 halberd!
You die...

#######.#.
##.## #......#.
...
####.####...
...
#.......#.#.
...
#.......#.#.
#.#
#.......#.#.
#g#
#...........
#g#
#.......#.##
#@#
#...........
#.#
#.......####
#.#####.#######
#
#.............#
#
##.##########.#
# #.# # #.# #
#.# # #.#
#.####


You could see 2 gnolls.

Vanquished Creatures
  5 gnolls (D:3)
  An adder (D:2)
  A worm (D:3)
  2 dart slugs (D:1)
  9 orcs (D:3)
  2 endoplasms
  4 giant cockroaches
  3 goblins
  3 hobgoblins
  2 jackals (D:3)
  4 quokkas
  3 ball pythons
  5 bats
  A frilled lizard (D:3)
  3 kobolds
  3 rats
51 creatures vanquished.

Notes
Turn   | Place    | Note
-------+----------+-------------------------------------------
     0 | D:1      | Sin92 the Demonspawn Fighter began the quest for the Orb.
     0 | D:1      | Reached XP level 1. HP: 18/18 MP: 1/1
   222 | D:1      | Gained mutation: You have a pair of small horns on your
                  | head. [demonic ancestry]
   222 | D:1      | Reached XP level 2. HP: 23/24 MP: 2/2
   721 | D:2      | Gained mutation: You have a pair of horns on your head.
                  | [demonic ancestry]
   721 | D:2      | Reached XP level 3. HP: 16/29 MP: 3/3
   873 | D:2      | You fall into a shaft and drop 1 floor!
   888 | D:3      | Reached skill level 1 in Dodging
  1088 | D:3      | Found a runed translucent door.
  1089 | D:3      | Noticed Sin92's ghost (amateur DsFi)
  1102 | D:3      | Reached XP level 4. HP: 16/35 MP: 4/4
  1693 | D:3      | Found a burning altar of Makhleb.
  1893 | D:3      | Mangled by a gnoll

Illustrated notes

Levels and vault maps discovered:
D:1:      minmay_arrival_shattered_statue, layout_basic
D:2:      layout_rooms, hellmonk_ecumenical_altar_leap_of_faith
D:3:      layout_loops_ring, bloody_makhleb, gammafunk_ghost_grave, st_stairs_7,
          kennysheep_generic_room_2

Skill      XL: |  1  2  3 |
---------------+----------+-----
Axes           | 2 |  2.6
Armour         | 3 |  3.3
Dodging        | 1 |  1.5
Shields        | 3 |  3.2
Fighting       | |  3.6

Action                   |  1- 3 |  4- 6 || total
-------------------------+-------+-------++-------
Melee: War axe           |    85 |    61 ||   146
       Headbutt          |     6 |    10 ||    16
  Use: Potion            |     1 |     1 ||     2
Armor: Scale mail        |    39 |    19 ||    58
Dodge: Dodged            |    44 |    35 ||    79
Block: Buckler           |    26 |    12 ||    38
